Map: Habitation Station LE (Void)

Players

Semper

  • Race: Terran Terran
  • League: Grandmaster
  • Spawn Location: 11:00

ByuN - Winner!

  • Race: Terran Terran
  • Spawn Location: 1:00

Event: NationWars IV

VOD

Have the link to the VOD?

Description

Time

  • Played on: Jan. 4, 2017, 3:46 p.m.
  • Length: 9:14
Show
View Real Time Build Order
Export as new Build Order

Semper Terran 

Build Orders: 1/1/1, Cyclone Opening 

Get SALT Encoding   

  12  0:00  SCV  
  13  0:12  SCV  
  14  0:17  Supply Depot  
  14  0:24  SCV  
  14  0:28  Refinery  
  15  0:39  SCV  
  16  0:45  Barracks  
  16  0:51  SCV  
  16  0:56  Refinery  
  17  1:03  SCV  
  18  1:15  SCV  
  19  1:31  Orbital Command  
  19  1:32  Reaper  
  20  1:35  Factory  
  20  1:47  Supply Depot  
  20  1:57  SCV  
  21  2:04  Reaper  
  22  2:09  SCV  
  23  2:24  SCV  
  23  2:26  Starport  
  23  2:27  Cyclone  
  27  2:33  Supply Depot  
  27  2:36  Barracks Tech Lab, SCV  
  28  2:48  SCV  
  29  3:00  SCV  
  30  3:09  Supply Depot  
  30  3:10  Cloaking Field, Banshee  
  30  3:12  SCV, Barracks Reactor  
  34  3:13  Widow Mine  
  36  3:25  SCV, Engineering Bay  
  37  3:38  SCV  
  37  3:52  Factory Tech Lab  
  37  3:56  Banshee  
  37  3:57  Command Center  
  37  4:01  SCV  
  41  4:02  Marine  
  41  4:03  Marine  
  41  4:08  Supply Depot  
  43  4:13  SCV  
  44  4:19  Siege Tank  
  47  4:29  Marine x2, SCV  
  50  4:40  Banshee  
  50  4:43  Supply Depot  
  50  4:44  SCV  
  54  4:53  Marine  
  55  5:04  Marine  
  55  5:05  SCV, Siege Tank  
  60  5:12  Orbital Command  
  60  5:17  SCV  
  60  5:29  SCV  
  60  5:34  Barracks x2  
  60  5:35  Refinery  
  59  5:37  Barracks Tech Lab  
  59  5:41  SCV  
  61  5:42  SCV  
  61  5:47  Siege Tank  
  61  5:49  Viking x2  
  68  5:53  SCV  
  68  5:55  SCV  
  70  5:58  Marine  
  69  6:05  SCV  
  69  6:11  SCV  
  68  6:12  Refinery  
  68  6:14  Terran Infantry Weapons Level 1  
  68  6:16  Supply Depot  
  68  6:17  Marine, SCV  
  70  6:23  SCV  
  71  6:29  SCV  
  73  6:35  SCV  
  73  6:39  Viking  
  75  6:41  SCV  
  75  6:42  Barracks Reactor  
  75  6:46  Supply Depot  
  74  6:47  Command Center, SCV  
  74  6:49  Marine x2  
  74  6:53  SCV  
  78  7:00  Siege Tank  
  81  7:02  Viking  
  81  7:04  SCV  
  81  7:08  Supply Depot  
  84  7:09  Supply Depot  
  84  7:13  Marine x2  
  86  7:15  SCV  
  86  7:19  Marine  
  86  7:20  Marine  
  86  7:22  SCV  
  90  7:27  Viking  
  92  7:32  Supply Depot, Viking  
  92  7:35  SCV  
  92  7:37  Marine  
  92  7:40  SCV  
  91  7:45  Marine  
  91  7:48  SCV  
  91  7:49  Marine x2  
  91  7:51  Siege Tank  
  98  7:53  Supply Depot x2  
  98  7:56  SCV  
  99  7:58  Marine  
  95  8:08  SCV  
  89  8:13  Marine  
  89  8:17  Marine x2, Barracks Tech Lab  
  85  8:21  Viking x2  
  85  8:22  SCV  
  85  8:23  Siege Tank  
  93  8:28  Supply Depot  
  93  8:29  Supply Depot, SCV  
  93  8:31  Command Center, Marine  
  95  8:36  Marine  
  95  8:37  Barracks Tech Lab  
  95  8:38  SCV  
  97  8:43  Marine  
  97  8:47  SCV  
Show
View Real Time Build Order
Export as new Build Order

ByuN Terran - Winner!

Build Orders: Cyclone Opening, Reaper Expand 

Get SALT Encoding   

  12  0:00  SCV  
  13  0:13  SCV  
  14  0:17  Supply Depot  
  14  0:25  SCV  
  15  0:28  Refinery  
  15  0:38  SCV  
  16  0:44  Barracks  
  16  0:50  SCV  
  17  1:03  SCV  
  18  1:15  SCV  
  19  1:31  Orbital Command, Reaper  
  20  1:41  Command Center  
  20  1:51  Factory  
  20  1:57  SCV  
  20  2:00  Refinery  
  21  2:05  Barracks Reactor  
  21  2:09  SCV  
  21  2:15  Supply Depot  
  22  2:21  SCV  
  23  2:36  SCV, Cyclone  
  27  2:42  Marine  
  27  2:43  Marine  
  29  2:48  SCV  
  30  2:54  Starport  
  30  2:56  Orbital Command  
  30  3:00  SCV  
  30  3:02  Marine x2  
  33  3:10  Factory Tech Lab  
  33  3:13  SCV  
  33  3:19  Marine x2  
  34  3:26  SCV  
  37  3:27  SCV, Engineering Bay  
  37  3:31  Viking  
  40  3:37  Supply Depot  
  41  3:44  Marine x2  
  41  3:46  SCV x2  
  44  3:52  Siege Tank  
  44  3:55  Missile Turret  
  46  4:01  Missile Turret  
  46  4:03  Missile Turret  
  46  4:08  Viking  
  48  4:12  SCV  
  48  4:13  SCV  
  50  4:18  Supply Depot  
  50  4:24  SCV  
  50  4:25  SCV  
  52  4:38  SCV x2  
  54  4:40  Starport Reactor, Siege Tank  
  54  4:43  Barracks Tech Lab  
  57  4:48  Barracks  
  56  4:56  SCV x2  
  56  4:59  Barracks  
  58  5:01  Refinery  
  57  5:08  SCV x2  
  57  5:19  Supply Depot  
  57  5:20  Terran Infantry Weapons Level 1  
  57  5:25  SCV x2  
  57  5:28  Marine  
  60  5:29  Stimpack  
  60  5:30  Starport Reactor  
  60  5:37  SCV  
  60  5:39  SCV  
  60  5:41  Siege Tank  
  65  5:43  Supply Depot  
  65  5:48  Marine  
  66  5:50  SCV  
  66  5:51  Marine, SCV  
  66  5:54  Marine  
  69  6:02  SCV  
  69  6:03  SCV  
  69  6:05  Marine  
  69  6:10  Marine  
  71  6:11  Marine  
  71  6:14  SCV  
  71  6:15  SCV  
  71  6:16  Supply Depot  
  71  6:18  Marine x2  
  77  6:23  Marine  
  77  6:24  Medivac  
  78  6:29  Refinery  
  78  6:30  Medivac  
  80  6:33  SCV x2  
  80  6:37  Marine x3  
  80  6:38  Marine  
  86  6:41  Marine  
  86  6:43  Siege Tank  
  89  7:02  Marine x3  
  89  7:03  Marine x2  
  93  7:09  Supply Depot  
  93  7:13  Supply Depot  
  93  7:17  Supply Depot  
  93  7:20  Marine  
  94  7:31  Marine, Medivac x2, Siege Tank  
  94  7:35  Marine x3  
  105  7:38  Marine  
  105  7:41  Supply Depot  
  106  7:44  Command Center  
  102  7:53  Marine x4  
  102  7:56  Marine  
  107  8:03  Siege Tank  
  107  8:10  Marine  
  107  8:11  Marine  
  106  8:19  Marine x3  
  107  8:20  Medivac  
  109  8:28  Marine  
  110  8:35  Siege Tank  
  110  8:40  SCV x2  
  113  8:43  Barracks  
  113  8:44  Barracks, Marine x3  
  113  8:45  Marine  
Tags
 
Add a new tag
Caveats
  • Supply blocks, unpowered buildings, or Contaminate may cause inaccurate times.
  • Supply counts are checked every 10 seconds.